AoeStats
← Soshipeak

Fortress

510020963Analyzed
3v3 RM · 2d ago on Sep 29, 2026· 78m 28s· 6 players
Game mode
Random Map
Map size
Large (8 player)
Population
200
Speed
Normal
Resources
Standard
Victory
Conquest
Starting age
Dark Age
Ending age
Imperial Age
RankedLock teamsTeams togetherTeam positionsShared explorationLock speedFull tech treeHidden civsTurbo modeCheats
Victory
Defeat
🇺🇸 Poles · United States
905
+6
🇺🇸 Franks · United States
797
+9
🇺🇸 Aztecs · United States
532
+18
🇺🇸 Italians · United States
683
-13
🇨🇴 Hindustanis · Colombia
664
-12
🇨🇦 Turks · Canada
536
-8
JetTitan514
8:58 Feudal Age
15:17 Castle Age
14:38 Bloodlines
16:21 Double-Bit Axe
16:23 Horse Collar
16:45 Gold Mining
16:46 Stone Mining
19:12 Scale Barding Armor
19:10 Scale Mail Armor
20:21 Forging
22:54 Wheelbarrow
24:45 Loom
25:01 Loom
28:21 Imperial Age
28:41 Chain Barding Armor
28:57 Iron Casting
28:38 Chain Mail Armor
28:25 Padded Archer Armor
29:12 Elite Janissary
35:18 Artillery
37:27 Bombard Tower
37:21 Fortified Wall
37:52 Hand Cart
46:43 Plate Barding Armor
47:12 Blast Furnace
46:30 Leather Archer Armor
62:20 Squires
62:06 Arson
64:23 Ring Archer Armor
71:26 Husbandry
FuzzyOctopus7
6:18 Feudal Age
9:54 Double-Bit Axe
13:11 Castle Age
15:43 Horse Collar
18:49 Forging
18:43 Scale Mail Armor
21:31 Town Watch
22:27 Wheelbarrow
23:26 Town Patrol
25:02 Heated Shot
25:25 Fortified Wall
25:51 Bow Saw
25:43 Heavy Plow
28:44 Guard Tower
32:17 Imperial Age
32:24 Elite Genoese Crossbowman
35:43 Padded Archer Armor
42:51 Pikeman
43:32 Squires
44:35 Arrowslits
47:11 Keep
48:49 Squires
52:20 Chemistry
Soshipeak
9:11 Feudal Age
14:05 Castle Age
14:03 Double-Bit Axe
14:56 Wheelbarrow
15:25 Bow Saw
15:09 Horse Collar
24:59 Heavy Plow
26:01 Hand Cart
29:25 Imperial Age
26:48 Pikeman
27:40 Scale Barding Armor
27:45 Forging
27:40 Scale Mail Armor
28:09 Light Cavalry
29:24 Chain Barding Armor
29:17 Bloodlines
29:07 Husbandry
29:28 Heavy Camel Rider
31:32 Chemistry
30:55 Ballistics
30:53 Fortified Wall
30:54 Masonry
30:53 Thumb Ring
30:51 Squires
30:36 Arson
31:27 Shatagni
31:31 Grand Trunk Road
32:58 Conscription
34:36 Plate Barding Armor
34:36 Iron Casting
34:16 Chain Mail Armor
34:48 Imperial Camel Rider
36:16 Siege Engineers
36:06 Murder Holes
37:52 Blast Furnace
36:48 Gold Mining
37:06 Caravan
37:38 Coinage
43:11 Elite Ghulam
45:43 Two-Man Saw
44:55 Hussar
52:14 Siege Elephant
blubberBoy
7:44 Feudal Age
8:06 Horse Collar
9:00 Double-Bit Axe
9:53 Loom
15:20 Castle Age
14:09 Gold Mining
16:14 Szlachta Privileges
16:19 Husbandry
16:33 Forging
16:29 Scale Barding Armor
16:44 Heavy Plow
16:57 Bow Saw
17:13 Bloodlines
17:28 Scale Barding Armor
23:03 Wheelbarrow
24:11 Chain Barding Armor
27:01 Hand Cart
27:24 Iron Casting
26:40 Fletching
28:30 Town Watch
32:12 Imperial Age
30:41 Stone Mining
33:15 Town Patrol
32:52 Cavalier
36:50 Blast Furnace
36:01 Devotion
36:56 Stone Shaft Mining
36:45 Bodkin Arrow
36:50 Padded Archer Armor
37:52 Crop Rotation
38:36 Ballistics
39:46 Masonry
40:42 Caravan
41:33 Man-at-Arms
41:36 Pikeman
42:17 Squires
43:03 Scale Mail Armor
43:05 Bracer
45:03 Light Cavalry
46:05 Fortified Wall
45:46 Arrowslits
47:09 Chemistry
46:08 Winged Hussar
47:19 Lechitic Legacy
47:46 Arson
49:25 Man-at-Arms
51:08 Padded Archer Armor
51:23 Chain Mail Armor
50:55 Long Swordsman
50:58 Crossbowman
51:43 Thumb Ring
51:40 Arbalester
54:20 Two-Handed Swordsman
58:17 Leather Archer Armor
58:32 Plate Mail Armor
58:20 Leather Archer Armor
59:51 Champion
63:13 Coinage
63:52 Conscription
63:35 Murder Holes
63:51 Siege Engineers
66:49 Bombard Tower
70:28 Treadmill Crane
75:21 Spies/Treason
Cuauhocelotl831
1:16 Loom
8:29 Loom
10:14 Feudal Age
14:28 Feudal Age
18:17 Feudal Age
20:40 Double-Bit Axe
23:11 Wheelbarrow
25:19 Castle Age
24:03 Stone Mining
27:01 Hand Cart
27:15 Bow Saw
30:24 Imperial Age
28:55 Town Watch
36:51 Onager
42:45 Garland Wars
42:45 Conscription
43:56 Town Patrol
48:13 Siege Onager
52:24 Pikeman
53:04 Squires
54:08 Eagle Warrior
54:10 Man-at-Arms
54:36 Gambesons
66:18 Caravan
74:20 Elite Eagle Warrior
75:15 Forging
75:05 Scale Mail Armor
74:56 Fletching
77:43 Iron Casting
77:24 Chain Mail Armor
77:04 Bodkin Arrow
RoyalPain
0:30 Loom
7:39 Feudal Age
10:28 Double-Bit Axe
10:48 Gold Mining
13:08 Castle Age
11:21 Stone Mining
13:17 Wheelbarrow
14:12 Bow Saw
14:56 Gold Shaft Mining
18:41 Scale Barding Armor
26:57 Hand Cart
27:39 Forging
33:35 Imperial Age
32:15 Fortified Wall
33:25 Iron Casting
33:12 Chain Barding Armor
32:56 Husbandry
33:23 Caravan
33:57 Cavalier
35:42 Blast Furnace
35:24 Paladin
35:42 Elite Skirmisher
36:18 Fletching
36:30 Padded Archer Armor
39:04 Ballistics
39:46 Chemistry
39:29 Bodkin Arrow
44:39 Plate Barding Armor
44:20 Leather Archer Armor
56:59 Conscription
58:00 Chivalry
59:52 Hoardings
61:58 Elite Throwing Axeman
Connection lost

Rejoining the realm…

Still unreachable

The connection could not be restored.

Session expired

The server has moved on; the page needs a fresh start.